 Dungeon Crawl Stone Soup version 0.27-a0-1332-g84bddb5ca7 (webtiles) character file.

Game seed: 5357165012111191350

189 Brandom the Sneak (level 5, -2/46 HPs)
             Began as a Demigod Delver on June 25, 2021.
             Slain by Menkaure (18 damage)
             ... in an ossuary on June 26, 2021.
             The game lasted 00:08:03 (2343 turns).

Brandom the Sneak (Demigod Delver)                  Turns: 2343, Time: 00:08:04

Health: -2/46      AC:  3    Str: 17    XL:     5   Next: 16%
Magic:  7/7        EV: 12    Int: 12    God:
Gold:   10         SH:  0    Dex: 15    Spells: 4/4 levels left

rFire    . . .     SeeInvis .   a - +0 falchion
rCold    . . .     Faith    .   (no shield)
rNeg     . . .     Spirit   .   b - +0 leather armour
rPois    .         Reflect  .   (no helmet)
rElec    .         Harm     .   (no cloak)
rCorr    .         Rampage  .   (no gloves)
Will     .....                  (no boots)
Stlth    +++.......             (no amulet)
HPRegen  0.15/turn              (no ring)
MPRegen  0.10/turn              (no ring)

@: hasted, very quick
A: high mp 1, forlorn
a: no special abilities


You were in an ossuary.
You visited 1 branch of the dungeon, and saw 2 of its levels.
You also visited: Ossuary.

You collected 10 gold pieces.

Inventory:

Hand Weapons
 a - a +0 falchion (weapon)
Armour
 b - a +0 leather armour (worn)
Wands
 v - a wand of digging (3)
Scrolls
 c - a scroll of fog
 e - a scroll of fear


   Skills:
 * Level 3.9 Fighting
 * Level 3.3 Long Blades
 + Level 1.7 Armour
 + Level 2.5 Dodging
 - Level 4.5 Stealth


You had 4 spell levels left.
You didn't know any spells.
Your spell library was empty.

Dungeon Overview and Level Annotations

Branches:
Dungeon (5/15)             Temple (0/1) D:4         Ossuary (1/1)

Annotations:
Ossuary Menkaure


Innate Abilities, Weirdness & Mutations

Your attributes grow dramatically as you level up.
You have an increased reservoir of magic. (+10% MP)
You shall have no god before yourself.


Message History

No target in view!
No target in view!
You open the door.
There is an open door here.
There is an open door here.
There is an open door here.
There is an open door here.
You open the door. 4 mummies and Menkaure come into view.
Menkaure shouts!
Found eleven items.
Found a gate leading back out of this place.
Menkaure calls on the powers of darkness!
Your body is wracked with pain!
There is an open door here.
There is an open door here.
You close the door.
There is an open door here.
No item to drop.
There is an open door here.
Which direction?
As you close the door, it creaks loudly!
There is an open door here.
You close the door.
You start resting.
You open the door.
There is an open door here.
You open the door.
There is an open door here.
Menkaure is nearby!
Menkaure shouts!
There is an open door here.
You start waiting.
Menkaure is nearby!
You feel yourself speed up. Menkaure closely misses you.
You hit Menkaure. Menkaure hits you!
You hit Menkaure. You barely miss Menkaure. Menkaure casts a spell at you.
Pain shoots through your body!
You barely miss Menkaure. You barely miss Menkaure.
Menkaure calls on the powers of darkness!
Your body is wracked with pain!
* * * LOW HITPOINT WARNING * * *
You hit Menkaure but do no damage.
Unknown command.
You aren't carrying any potions.
You barely miss Menkaure. Menkaure hits you!!
You die...

#....#....#....'.#..#
##'#############.'..#
#.M. #....###.M#
#.M.. #....#.#..#
#...?? #....'.#..#
#..??M? #....#.'..#
#..?MM$! ########..#
#..!?$!!. #....'.#..#
# #....#@#..# #
#....#.M..# #
#....###..#
################.#..#
#....#....#....#.#..#
#....#....#....#.'..#
#....#....#....###..#
#....#....#....'.#..#
##'###'#########.#..#


You could see Menkaure.

Vanquished Creatures
  2 centaur zombies (Ossuary)
  A human zombie (Ossuary)
  3 ogre zombies (Ossuary)
  A mummy (Ossuary)
  3 adder zombies (Ossuary)
  2 gnoll zombies (Ossuary)
  4 goblin zombies (Ossuary)
  3 hobgoblin zombies (Ossuary)
  3 kobold zombies (Ossuary)
  A quokka zombie (Ossuary)
  8 rat zombies (Ossuary)
31 creatures vanquished.

Notes
Turn   | Place    | Note
-------+----------+-------------------------------------------
     0 | D:5      | Brandom the Demigod Delver began the quest for the Orb.
     0 | D:5      | Reached XP level 1. HP: 18/18 MP: 3/3
    17 | D:4      | Found a staircase to the Ecumenical Temple.
    33 | D:4      | Found a sand-covered staircase.
    38 | D:4      | Noticed a jelly
    40 | Ossuary  | Entered an ossuary
    53 | Ossuary  | Reached XP level 2. HP: 7/25 MP: 4/4
   439 | Ossuary  | Reached XP level 3. HP: 19/31 MP: 5/5
   857 | Ossuary  | Reached skill level 1 in Armour
   979 | Ossuary  | Reached XP level 4. HP: 16/38 MP: 6/6
  1748 | Ossuary  | Reached XP level 5. HP: 42/46 MP: 7/7
  2146 | Ossuary  | Noticed Menkaure
  2343 | Ossuary  | Slain by Menkaure

Illustrated notes

Levels and vault maps discovered:
D:4:      layout_loops_ring, nicolae_gozag_zags_fifth_avenue,
          kennysheep_okawaru_gauntlet, nemelex_xobeh_ov_fountains_minmay,
          minmay_temple_entry_glass, enter_ossuary_3, moated_statue,
          minmay_strange_pillars
D:5:      layout_loops_cross, kennysheep_big_empty_room, item_on_display_a
Ossuary:  ossuary_boxes_badplayer

Skill      XL: |  1  2  3 |
---------------+----------+-----
Long Blades    | 2 3 |  3.3
Fighting       | 3 |  3.9
Dodging        | 2 |  2.5
Armour         | 1 |  1.7
Stealth        | |  4.5

Action                   |  1- 3 |  4- 6 || total
-------------------------+-------+-------++-------
Melee: Falchion          |    70 |   109 ||   179
  Use: Scroll            |     1 |       ||     1
       Potion            |       |     1 ||     1
 Stab: Sleeping          |     2 |    11 ||    13
Armor: Leather armour    |    28 |    14 ||    42
Dodge: Dodged            |    59 |    48 ||   107
       Rpst.: Falchion   |    10 |    20 ||    30

Table legend: (Time is in decaauts)
 A = Elapsed time spent in this place.
 B = Non-inter-level travel time spent in this place.
 C = Inter-level travel time spent in this place.
 D = Time resting spent in this place.
 E = Time spent auto-exploring this place.
 F = Levels seen in this place.
 G = Mean time per level.
                   A        B        C        D        E       F      G
               +--------+--------+--------+--------+--------+-----+--------+
         Total |   2369 |   2369 |      0 |   1573 |     21 |   3 |  789.7 |
       Dungeon |     39 |     39 |      0 |      0 |      0 |   2 |   19.5 |
       Ossuary |   2329 |   2329 |      0 |   1573 |     21 |   1 | 2329.0 |
               +--------+--------+--------+--------+--------+-----+--------+

Top non-repeatable levels by time:
 Ossuary: 2329 daAuts
     D:4: 32 daAuts
     D:5: 7 daAuts
